 Dungeon Crawl Stone Soup version 0.22-a0-322-g60b3cfd (webtiles) character file.

184 KristoblXynda the Slasher (level 5, -5/41 HPs)
             Began as a Draconian Gladiator on Apr 5, 2018.
             Killed from afar by an orc wizard (11 damage)
             ... with a puff of frost
             ... on level 4 of the Dungeon.
             The game lasted 00:04:30 (3032 turns).

KristoblXynda the Slasher (Draconian Gladiator)     Turns: 3032, Time: 00:04:31

Health: -5/41      AC:  5    Str: 16    XL:     5   Next: 36%
Magic:  5/5        EV: 17    Int:  9    God:
Gold:   228        SH:  0    Dex: 13    Spells: 4/4 levels left

rFire    . . .     SeeInvis .   a - +0 long sword
rCold    . . .     Gourm    .   (no shield)
rNeg     . . .     Faith    .   (armour unavailable)
rPois    .         Spirit   .   b - +0 hat
rElec    .         Reflect  .   (no cloak)
rCorr    .         Harm     .   (no gloves)
MR       .....                  (no boots)
Stlth    +.........             (no amulet)
HPRegen  0.13/turn              l - +3 ring of evasion
MPRegen  0.09/turn              (no ring)

@: no status effects
A: unfitting armour, cold-blooded, AC +5
a: no special abilities


You were on level 4 of the Dungeon.
You were hungry.

You visited 1 branch of the dungeon, and saw 4 of its levels.

You collected 228 gold pieces.

Inventory:

Hand Weapons
 a - a +0 long sword (weapon)
Missiles
 c - 3 throwing nets (quivered)
Armour
 b - a +0 hat (worn)
Jewellery
 l - a +3 ring of evasion (left hand)
Scrolls
 e - 2 scrolls of teleportation {unknown}
 f - 4 scrolls of random uselessness {unknown}
 g - 2 scrolls of remove curse {unknown}
 h - 2 scrolls of noise {unknown}
 i - 3 scrolls of identify
 j - a scroll of immolation {unknown}
 k - 2 scrolls of fear {unknown}
 n - a scroll of enchant armour {unknown}
 q - a scroll of enchant weapon {unknown}
Potions
 m - a potion of curing
 o - a potion of flight
 r - 2 potions of agility
 s - a potion of lignification {unknown}
Comestibles
 d - 4 rations


   Skills:
 - Level 2.1 Fighting
 * Level 5.2 Long Blades
 - Level 2.0 Throwing
 + Level 3.8 Dodging


You had 4 spell levels left.
You didn't know any spells.

Dungeon Overview and Level Annotations

Branches:
Dungeon (4/15)
 Temple: D:4-7

Altars:


Innate Abilities, Weirdness & Mutations

Your plain brown scales are hard. (AC +5)
You cannot fit into any form of body armour.
You are cold-blooded and may be slowed by cold attacks.


Message History

Something closely misses you.
You barely miss something. Something barely misses you.
Unknown command.
You feel better. Something completely misses you.
You feel better. Something hits you. Something hits you but does no damage.
You miss something. Something hits you.
* * * LOW HITPOINT WARNING * * *
You hit something. Something hits you.
* * * LOW HITPOINT WARNING * * *
Something barely misses you.
You miss something. Something closely misses you. Something hits you.
* * * LOW HITPOINT WARNING * * *
You barely miss something. Something hits you.
* * * LOW HITPOINT WARNING * * *
You barely miss something. You tail-slap something.
An orc wizard appears from thin air!
Reactivating autopickup.
The orc wizard points at you and mumbles some strange words.
The puff of frost hits you!
You die...

...#######..## ##..#
##...........###...#
#.........#..##...#
#..##....###......##
##...# #..#<...#
#..## #.##o.### ##.
#.###o## #. #. #o#
## .# #@# ## #.# ###


You could see an orc wizard and 2 orcs.

Vanquished Creatures
  A hound (D:4)
  4 gnolls
  3 adders (D:3)
  2 oozes (D:1)
  A worm (D:2)
  4 dart slugs
  A leopard gecko (D:2)
  7 orcs
  12 goblins
  4 hobgoblins
  9 jackals
  4 bats
  4 frilled lizards
  5 kobolds
  A rat (D:2)
62 creatures vanquished.

Notes
Turn   | Place    | Note
-------+----------+-------------------------------------------
     0 | D:1      | KristoblXynda the Draconian Gladiator began the quest for the Orb.
     0 | D:1      | Reached XP level 1. HP: 17/17 MP: 1/1
    73 | D:1      | Reached XP level 2. HP: 20/24 MP: 2/2
   514 | D:1      | Reached XP level 3. HP: 23/29 MP: 3/3
   800 | D:2      | Reached skill level 4 in Long Blades
  1071 | D:1      | Reached XP level 4. HP: 4/36 MP: 4/4
  2375 | D:3      | Found a faded altar of an unknown god.
  2583 | D:3      | Reached XP level 5. HP: 40/41 MP: 5/5
  2596 | D:3      | Reached skill level 5 in Long Blades
  3023 | D:4      | HP: 2/41 [something/puff of frost (12)]
  3032 | D:4      | Killed from afar by an orc wizard

Vault maps used:
D:1:      eino_arrival_water_cross, minmay_tetromino_s4
D:2:      kennysheep_path_1
D:3:      chequers_ecumenical_altar_island, minmay_misc_feat_columns,
          minmay_misc_feat_x
D:4:      first_ration, grunt_ministairs_8, uniq_sigmund, uniq_robin,
          uniq_grinder

Skill      XL: |  1  2  3  4  5 |
---------------+----------------+-----
Throwing       | 2 |  2.0
Dodging        | 3 |  3.8
Long Blades    | 4 5 |  5.2
Fighting       | |  2.1

Action                   |  1- 3 |  4- 6 || total
-------------------------+-------+-------++-------
Melee: Long sword        |    65 |   116 ||   181
       Tailslap          |     9 |    13 ||    22
Throw: Throwing net      |     1 |       ||     1
  Use: Potion            |     3 |     2 ||     5
       Scroll            |       |     2 ||     2
 Stab: Sleeping          |     1 |       ||     1
  Eat: Chunk             |       |     6 ||     6
Armor: Skin              |    14 |    26 ||    40
Dodge: Dodged            |    50 |    94 ||   144
       Rpst.: Long sword |    10 |    22 ||    32

Table legend:
 A = Spawn XP
 B = Non-spawn XP
 C = Spawn XP percentage of total XP
 D = Spawn monster count
 E = Non-spawn monster count
 F = Spawn count percentage of total count
 G = Total turns spent on level
                    A         B        C        D         E        F      G
               +---------+---------+-------+---------+---------+-------+---------
         Total |       0 |     263 |   0.0 |       0 |      62 |   0.0 |  3032
               +---------+---------+-------+---------+---------+-------+---------
           D:1 |       0 |     103 |   0.0 |       0 |      28 |   0.0 |  1348
           D:2 |       0 |      35 |   0.0 |       0 |      11 |   0.0 |   956
           D:3 |       0 |      72 |   0.0 |       0 |      18 |   0.0 |   464
           D:4 |       0 |      53 |   0.0 |       0 |       5 |   0.0 |   264
               +---------+---------+-------+---------+---------+-------+---------
